[Event "Fagernes Chess GM-Swiss 2024"]
[Site "Fagernes"]
[Date "2024.03.27"]
[Round "4.22"]
[White "Krishnan, Ritvik"]
[Black "Prraneeth Vuppala"]
[Result "1-0"]
[ECO "B90"]
[WhiteElo "2277"]
[BlackElo "2506"]
[Annotator "RC"]
[PlyCount "135"]
[EventDate "2024.03.25"]
[EventType "swiss"]
[EventCountry "NOR"]
[SourceTitle "playchess.com"]
[Source "ChessBase"]
[SourceQuality "1"]
[TimeControl "40/6000+30:2400+30"]

1. e4 c5 2. Nf3 d6 3. d4 cxd4 4. Nxd4 Nf6 5. Nc3 a6 6. h3 e5 7. Nf3 Qc7 8. a4 Be6 9. Ng5 Bd7 10. Bd3 Be7 11. O-O h6 12. Nf3 O-O 13. Re1 Nc6 14. Bc4 Rac8 15. Ba2 Nb4 16. Bb3 Be6 17. Be3 Rfd8 18. a5 Nd7 19. Ra4 Nc6 20. Nd5 Bxd5 21. Qxd5 Rf8 22. Rd1 Nc5 23. Bxc5 dxc5 24. Qd2 Nb4 25. Bc4 Rfd8 26. Qe2 Rxd1+ 27. Qxd1 Rd8 28. Qb1 g6 29. c3 Nc6 30. Bd5 Kg7 31. Qa2 Bf6 32. g3 Rd6 33. Nd2 Bd8 34. Nc4 Rf6 35. Kg2 h5 36. h4 Ne7 37. Ne3 Qd7 38. Qc4 Nxd5 39. Nxd5 Rd6 40. Ra1 f5 41. Qxc5 fxe4 42. c4 Rc6 43. Qb4 Qf7 44. Ra3 g5 45. hxg5 Bxg5 46. Rb3 h4 47. Qxb7 Rxc4 48. Qa8 Rb4 49. Nxb4 Qxb3 50. Qb7+ Kf8 51. Qxe4 hxg3 52. Qf5+ Qf7 53. Qc8+ Kg7 54. fxg3 e4 55. Qg4 Qg6 56. Qd7+ Kg8 57. Qc8+ Kg7 58. Qb7+ Kh8 59. Qxa6 Qf5 60. Qe2 Bd8 61. a6 Bb6 62. Qf1 Qe6 63. Qh1+ Kg7 64. Qh3 Qf6 65. Qg4+ Kf7 66. Qf4 Qxf4 67. gxf4 Ke6 68. Nc6 1-0

[Event "Fagernes Chess GM-Swiss 2024"]
[Site "Fagernes"]
[Date "2024.03.27"]
[Round "4.23"]
[White "Petkov, Momchil"]
[Black "Al-Tarboush, Ward"]
[Result "1/2-1/2"]
[ECO "B43"]
[WhiteElo "2500"]
[BlackElo "2277"]
[Annotator "TA"]
[PlyCount "150"]
[EventDate "2024.03.25"]
[EventType "swiss"]
[EventCountry "NOR"]
[SourceTitle "playchess.com"]
[Source "ChessBase"]
[SourceQuality "1"]
[TimeControl "40/6000+30:2400+30"]

1. e4 c5 2. Nf3 e6 3. Nc3 a6 4. d4 cxd4 5. Nxd4 Qc7 6. Bd3 Nc6 7. Nxc6 dxc6 8. O-O e5 9. Be3 Nf6 10. h3 Bd6 11. a4 a5 12. Bc4 O-O 13. Qf3 Qe7 14. Rad1 Bc5 15. Rd3 Bxe3 16. Qxe3 Nh5 17. Ne2 {[%emt 0:05:02] Verhindert Nf4.} Be6 18. Bxe6 fxe6 19. Rfd1 Nf4 (19... Rad8 $14) 20. Rd7 $16 Qg5 (20... Qb4 $16 {kämpft weiter.}) 21. Nxf4 $18 (21. Rxb7 $2 Qxg2#) 21... exf4 22. Qb3 $36 {[%emt 0:05:19][%mdl 2048] Läuft bei Weiss.} Qe5 23. Re7 Rae8 24. Rxe8 Rxe8 25. Qxb7 Qxe4 {[%emt 0:01:53][%mdl 4096] Endspiel. [#] KQR-KQR} 26. Rd7 $1 Qe1+ 27. Kh2 Qe5 {[%emt 0:00:36] [#]} 28. Qxc6 (28. f3 $1 $18) 28... f3+ $11 {[%emt 0:02:06] Die Stellung ist ausgeglichen.} 29. g3 {[%emt 0:00:05] Und jetzt Rd6 wäre schön.} Qe1 $1 30. Qxf3 (30. Qc5 $5 Qf1 $8 31. Rxg7+ Kxg7 32. Qg5+ Kf7 33. Qf4+ Ke7 34. Qc7+ Kf8 35. Qf4+ Ke7 36. Qc7+ Kf8 37. Qf4+ Ke7 $11) 30... Rf8 {[%emt 0:02:12] Verhindert Qf7+.} 31. Rd1 $1 Qxf2+ 32. Qg2 Qb6 $1 33. Rf1 {[%emt 0:05:15] Verhindert Rf2.} Rxf1 34. Qxf1 Qxb2 {[%emt 0:00:10] KQ-KQ} 35. Qc4 Qb6 36. Kg2 h6 37. h4 Kf7 38. h5 Qe3 39. Qc7+ Kf6 40. Qd8+ Kf7 41. Qc7+ Kf6 42. Qd8+ Kf7 43. Qxa5 Qe2+ 44. Kh3 Qf1+ 45. Kg4 Qe2+ 46. Kf4 Qf2+ 47. Ke4 {[%emt 0:00:19] Und Qc7+ würde nun gewinnen.} Qxc2+ 48. Kd4 Qd1+ 49. Kc4 Qg4+ 50. Kb3 Qxg3+ 51. Qc3 Qb8+ 52. Qb4 Qg3+ 53. Kc4 Qf4+ 54. Kb3 Qf3+ 55. Qc3 Qxh5 {[%emt 0:00:00] ...Qd5+ wäre nun fies.} 56. Qc7+ Kg8 57. a5 Qb5+ 58. Kc3 h5 59. Qc8+ Kh7 60. a6 h4 61. Qxe6 {[%emt 0:00:00] Schwarz muss nun Qe4+ beachten.} Qa5+ 62. Kd4 Qb4+ 63. Kd5 {[%emt 0:00:00] Beabsichtigt Qe4+ und Matt.} Qb3+ 64. Kd6 Qf3 65. Qa2 Qg3+ 66. Kd7 Qd3+ 67. Kc7 Qc3+ 68. Kd7 Qd4+ 69. Kc8 Qa7 70. Qb1+ Kh6 71. Qb7 Qc5+ 72. Kd7 Qf5+ 73. Ke8 Qe6+ 74. Kd8 Qd6+ 75. Ke8 Qe6+ {[%emt 0:00:00] Schwarz rettet sich ins Remis.   Gewichteter Fehlerwert: Weiß=0.06 (makellos) /Schwarz=0.08 (makellos) .  Fehler:       	---       	Schwarz=2     Ungenau:       	Weiß=2     	Schwarz=1     OK:         	Weiß=36    	Schwarz=26    Bester:       	Weiß=2     	Schwarz=3     Stark:        	Weiß=2     	Schwarz=2} 1/2-1/2

[Event "Fagernes Chess GM-Swiss 2024"]
[Site "Fagernes"]
[Date "2024.03.27"]
[Round "4.24"]
[White "Sorensen, Hampus"]
[Black "Moreby, James"]
[Result "1-0"]
[ECO "E14"]
[WhiteElo "2428"]
[BlackElo "2260"]
[Annotator "TA"]
[PlyCount "81"]
[EventDate "2024.03.25"]
[EventType "swiss"]
[EventCountry "NOR"]
[SourceTitle "playchess.com"]
[Source "ChessBase"]
[SourceQuality "1"]
[TimeControl "40/6000+30:2400+30"]

1. d4 Nf6 2. c4 e6 3. Nf3 Bb4+ 4. Nbd2 b6 5. a3 Bxd2+ 6. Qxd2 Bb7 7. e3 d6 8. Be2 O-O 9. O-O Ne4 10. Qc2 f5 11. Ne1 Qh4 12. f3 Ng5 13. Bd1 {[%emt 0:10:49] White is slightly better.} Nd7 14. Qf2 Qxf2+ 15. Rxf2 e5 16. dxe5 dxe5 17. b4 Nf7 18. Bb2 a5 19. Ba4 c6 20. Rd1 Nf6 21. Bc2 Bc8 22. bxa5 Rxa5 23. Bc3 Ra6 24. Nd3 c5 25. a4 Re8 26. a5 bxa5 27. Ra1 (27. Nxc5 Rc6 28. Nd3 Rxc4 29. Bxa5 Be6 $11) 27... Nd7 28. Ba4 $36 {[%emt 0:00:54][%mdl 3072] White has strong compensation. Keeping Black busy.} (28. Bxa5 Bb7 $15) 28... Re7 29. Bb5 Ra7 30. Rfa2 {[%emt 0:00:08] White is much more active.} e4 31. Nf4 {[%emt 0:00:37] [#] Black must now prevent Nd5.} (31. Rxa5 $2 Rxa5 32. Rxa5 exd3 $19) 31... Nb6 {[%emt 0:00:38][%mdl 8192] A mistake that costs the game.} (31... Bb7 $11) 32. Bxa5 $18 {[%emt 0:00:31][%cal Bc3a5,Ba5b6,Bb6c5][%mdl 32] This pair of bishops is nice.} (32. Rxa5 Rxa5 33. Rxa5 (33. Bxa5 Ra7 $11) 33... exf3 $14) 32... g5 $2 (32... Rxa5 33. Rxa5 exf3) 33. Bxb6 Rxa2 34. Rxa2 gxf4 35. Ra8 fxe3 36. Rxc8+ Kg7 37. Bxc5 exf3 38. Bxe7 e2 39. Bb4 {[%emt 0:00:20] [#] Intending Rc7 and mate.} (39. gxf3 $2 {perishes.} e1=Q+ (39... e1=B $2 {loses.} 40. Bf8+ Kf6 41. f4 $18) 40. Kg2 Qxe7 $19) 39... Nd6 40. Rc7+ (40. Bxd6 $2 e1=Q#) 40... Kg8 41. gxf3 {[%emt 0:40:22] Weighted Error Value: White=0.08 (flawless) /Black=0.58.  Loses game:     	---       	Black=1      Mistake:       	---       	Black=1      Inaccurate:     	White=5     	Black=2      OK:         	White=7     	Black=7      Best:        	White=3     	Black=1} (41. Bxd6 $2 e1=Q#) 1-0

[Event "Fagernes Chess GM-Swiss 2024"]
[Site "Fagernes"]
[Date "2024.03.27"]
[Round "4.25"]
[White "Vijayakumar, Rishi"]
[Black "Yaniv, Yuval"]
[Result "0-1"]
[ECO "E60"]
[WhiteElo "2156"]
[BlackElo "2368"]
[Annotator "RC"]
[PlyCount "77"]
[EventDate "2024.03.25"]
[EventType "swiss"]
[EventCountry "NOR"]
[SourceTitle "playchess.com"]
[Source "ChessBase"]
[SourceQuality "1"]
[TimeControl "40/6000+30:2400+30"]

1. d4 Nf6 2. c4 g6 3. h4 Bg7 4. Nc3 O-O 5. e4 d6 6. h5 Nxh5 7. g4 Nf6 8. g5 Nfd7 9. f4 Re8 10. Be3 c5 11. d5 b5 12. cxb5 a6 13. a4 axb5 14. axb5 Rxa1 15. Qxa1 Nb6 16. Qa7 N8d7 17. Nf3 e6 18. dxe6 Rxe6 19. Kf2 Bxc3 20. bxc3 Rxe4 21. c4 Nxc4 22. Bxc4 Rxc4 23. Rd1 Rc2+ 24. Kg3 Rc3 25. Bd2 Rb3 26. Qa4 c4 27. Qxc4 Nc5 28. Be3 Qd7 29. Kf2 Qb7 30. Rxd6 Ne4+ 31. Ke2 Rxe3+ 32. Kxe3 Nxd6 33. Qd3 Qb6+ 34. Kd2 Nxb5 35. Qe4 Qd6+ 36. Ke1 Be6 37. Qa8+ Qf8 38. Qa5 Nd6 39. Nd4 0-1

[Event "Fagernes Chess GM-Swiss 2024"]
[Site "Fagernes"]
[Date "2024.03.27"]
[Round "4.26"]
[White "Kenneskog, Theodor"]
[Black "Kreken, Eivind Grunt"]
[Result "1/2-1/2"]
[ECO "C93"]
[WhiteElo "2358"]
[BlackElo "2215"]
[Annotator "RC"]
[PlyCount "164"]
[EventDate "2024.03.25"]
[EventType "swiss"]
[EventCountry "NOR"]
[SourceTitle "playchess.com"]
[Source "ChessBase"]
[SourceQuality "1"]
[TimeControl "40/6000+30:2400+30"]

1. e4 e5 2. Nf3 Nc6 3. Bb5 a6 4. Ba4 Nf6 5. O-O Be7 6. Re1 b5 7. Bb3 d6 8. c3 O-O 9. h3 h6 10. d4 Re8 11. Nbd2 Bd7 12. Nf1 a5 13. a4 bxa4 14. Bxa4 exd4 15. cxd4 Nb4 16. Ng3 Bxa4 17. Rxa4 Bf8 18. Re3 c5 19. d5 Nd7 20. Ra1 g6 21. Bd2 Bg7 22. Bc3 Nb6 23. Nd2 h5 24. Ngf1 h4 25. Nh2 Nd7 26. Nc4 Nf6 27. Qe2 Ra7 28. Re1 Na2 29. Bd2 a4 30. Qd1 Nb4 31. Bc3 Na2 32. Bd2 Nb4 33. f3 Nh5 34. Ra3 Kh7 35. Be3 Ra6 36. Rxa4 Rxa4 37. Qxa4 Nd3 38. Re2 Qa8 39. Qd1 Ndf4 40. Rc2 Qa6 41. Qd2 g5 42. Ng4 Ng3 43. Qd1 f6 44. Nf2 f5 45. Kh2 Kg8 46. exf5 Nxf5 47. Ne4 Nxe3 48. Nxe3 Qa4 49. Ng4 Rb8 50. Qd2 Qd4 51. Nxd6 Qxd2 52. Rxd2 Bxb2 53. Ne4 c4 54. d6 c3 55. Rc2 Nd5 56. Nef6+ Nxf6 57. Nxf6+ Kg7 58. Ne4 Rd8 59. Kg1 Kg6 60. Kf2 Kh5 61. Ke3 Ba3 62. Rxc3 Bxd6 63. Rc6 Bf4+ 64. Ke2 Ra8 65. Nf6+ Kg6 66. Ng4+ Kg7 67. Kd3 Ra2 68. Rc2 Rxc2 69. Kxc2 Kg6 70. Kd3 Kf5 71. Ne3+ Bxe3 72. Kxe3 Ke5 73. Ke2 Kf5 74. Kf2 Kf4 75. g4 hxg3+ 76. Kg2 Ke5 77. Kxg3 Kf5 78. Kg2 Ke5 79. Kg3 Kf5 80. h4 gxh4+ 81. Kxh4 Kf4 82. Kh3 Kxf3 1/2-1/2

[Event "Fagernes Chess GM-Swiss 2024"]
[Site "Fagernes"]
[Date "2024.03.27"]
[Round "4.27"]
[White "Nielsen, Viktor Haarmark"]
[Black "Oksendal, Martin"]
[Result "1-0"]
[ECO "E04"]
[WhiteElo "2351"]
[BlackElo "2086"]
[Annotator "RC"]
[PlyCount "119"]
[EventDate "2024.03.25"]
[EventType "swiss"]
[EventCountry "NOR"]
[SourceTitle "playchess.com"]
[Source "ChessBase"]
[SourceQuality "1"]
[TimeControl "40/6000+30:2400+30"]

1. d4 Nf6 2. c4 e6 3. Nf3 d5 4. g3 dxc4 5. Bg2 Bb4+ 6. Bd2 a5 7. Qc2 Bxd2+ 8. Qxd2 c6 9. a4 b5 10. axb5 cxb5 11. Qg5 O-O 12. Qxb5 Ba6 13. Qxa5 Bb7 14. Qxd8 Rxa1 15. Qxf8+ Kxf8 16. O-O Ra2 17. Ne5 Bxg2 18. Kxg2 Rxb2 19. Re1 Rb4 20. Rc1 Rb2 21. Nxc4 Rb4 22. Nbd2 Nbd7 23. Nf3 Ra4 24. Rc2 Nd5 25. Ncd2 Ra7 26. Ne4 Ke7 27. Nc3 Nxc3 28. Rxc3 h6 29. h4 Kd6 30. e4 f6 31. h5 Ra2 32. Rc8 Ke7 33. Nh4 Ra4 34. Ng6+ Kd6 35. Rg8 Rxd4 36. Rxg7 Rxe4 37. Rh7 Re2 38. Rxh6 Ne5 39. Nxe5 Kxe5 40. Rg6 Ra2 41. h6 Ra8 42. h7 Rh8 43. f4+ Kd6 44. Rg7 e5 45. g4 exf4 46. Kf3 Ke5 47. Re7+ Kd6 48. Ra7 Ke5 49. Rg7 Ra8 50. Re7+ Kd6 51. Rb7 Ke5 52. Rb5+ Ke6 53. Rh5 Rh8 54. Kxf4 Kf7 55. Kf5 Kg7 56. Rh1 Kf7 57. Ra1 Kg7 58. Ra7+ Kh6 59. Kxf6 Rg8 60. hxg8=N# 1-0

[Event "Fagernes Chess GM-Swiss 2024"]
[Site "Fagernes"]
[Date "2024.03.27"]
[Round "4.28"]
[White "Dushyant Sharma"]
[Black "Shivika Rohilla"]
[Result "1/2-1/2"]
[ECO "B45"]
[WhiteElo "2331"]
[BlackElo "2003"]
[Annotator "RC"]
[PlyCount "66"]
[EventDate "2024.03.25"]
[EventType "swiss"]
[EventCountry "NOR"]
[SourceTitle "playchess.com"]
[Source "ChessBase"]
[SourceQuality "1"]
[TimeControl "40/6000+30:2400+30"]

1. e4 c5 2. Nf3 e6 3. d4 cxd4 4. Nxd4 Nf6 5. Nc3 Nc6 6. Bc4 d5 7. exd5 exd5 8. Bb5 Bd7 9. O-O Be7 10. Bg5 O-O 11. Re1 h6 12. Bh4 Rc8 13. Bf1 Re8 14. Qd3 Nb4 15. Qf3 g5 16. Qg3 Nh5 17. Qf3 Nf6 18. Qg3 Kh8 19. Bxg5 hxg5 20. Qxg5 Nh7 21. Qf4 Bf6 22. Ncb5 Bxb5 23. Nxb5 Rxe1 24. Rxe1 d4 25. Nd6 Qc7 26. Qf5 Rd8 27. a3 Qxd6 28. axb4 Qd5 29. Qh3 Qd7 30. Qh5 Qd5 31. Qh3 Qd7 32. Qh5 Qd5 33. Qh3 Qd7 1/2-1/2

[Event "Fagernes Chess GM-Swiss 2024"]
[Site "Fagernes"]
[Date "2024.03.27"]
[Round "4.29"]
[White "Anishka Vikram"]
[Black "Nordahl, Helge"]
[Result "1/2-1/2"]
[ECO "D31"]
[WhiteElo "1995"]
[BlackElo "2330"]
[Annotator "RC"]
[PlyCount "76"]
[EventDate "2024.03.25"]
[EventType "swiss"]
[EventCountry "NOR"]
[SourceTitle "playchess.com"]
[Source "ChessBase"]
[SourceQuality "1"]
[TimeControl "40/6000+30:2400+30"]

1. d4 d5 2. c4 e6 3. Nc3 c6 4. Nf3 dxc4 5. a4 Bb4 6. e3 b5 7. Bd2 a5 8. Ne5 Nf6 9. Qf3 Ra7 10. Nxc6 Nxc6 11. Qxc6+ Bd7 12. Qf3 Bxc3 13. bxc3 Qb6 14. Rb1 Bc6 15. Qd1 O-O 16. axb5 Be4 17. Rb2 a4 18. f3 a3 19. Ra2 Qxb5 20. fxe4 Qb3 21. Qa1 Rb8 22. Bc1 Nxe4 23. Rxa3 Rxa3 24. Qxa3 Nxc3 25. Qxb3 cxb3 26. Bd3 b2 27. Bxb2 Rxb2 28. O-O g6 29. Rf2 Rb3 30. Bc2 Ra3 31. Rd2 Ra2 32. Kf1 Kg7 33. Ke1 f5 34. Bd3 Ra3 35. Kf2 Nd5 36. Ke2 f4 37. exf4 Nxf4+ 38. Ke3 Nxd3 1/2-1/2

[Event "Fagernes Chess GM-Swiss 2024"]
[Site "Fagernes"]
[Date "2024.03.27"]
[Round "4.30"]
[White "Gasland, Lukas Dominik"]
[Black "Hedman, Erik"]
[Result "0-1"]
[ECO "E12"]
[WhiteElo "1985"]
[BlackElo "2311"]
[Annotator "RC"]
[PlyCount "72"]
[EventDate "2024.03.25"]
[EventType "swiss"]
[EventCountry "NOR"]
[SourceTitle "playchess.com"]
[Source "ChessBase"]
[SourceQuality "1"]
[TimeControl "40/6000+30:2400+30"]

1. d4 Nf6 2. c4 e6 3. Nf3 b6 4. a3 Bb7 5. Nc3 d5 6. g3 dxc4 7. Qa4+ Nbd7 8. Bg2 a6 9. Qxc4 b5 10. Qd3 c5 11. O-O Be7 12. Rd1 O-O 13. dxc5 Nxc5 14. Qc2 Qc8 15. Bf4 Na4 16. Rac1 Nxc3 17. Qxc3 Qxc3 18. Rxc3 Rfc8 19. Rc7 Rxc7 20. Bxc7 Rc8 21. Ba5 Bd5 22. Nd4 Kf8 23. Bxd5 Nxd5 24. Kg2 h5 25. Nf5 Bd8 26. Nd6 Rc6 27. Nb7 Bxa5 28. Nxa5 Rc2 29. Kf3 f5 30. b4 g5 31. Nb3 g4+ 32. Kg2 Rxe2 33. Kf1 Ra2 34. Nc5 Kf7 35. Rd3 f4 36. gxf4 Ra1+ 0-1

[Event "Fagernes Chess GM-Swiss 2024"]
[Site "Fagernes"]
[Date "2024.03.27"]
[Round "4.31"]
[White "Stark, John"]
[Black "Shehzad, Shazil"]
[Result "1-0"]
[ECO "A13"]
[WhiteElo "1947"]
[BlackElo "2301"]
[Annotator "RC"]
[PlyCount "67"]
[EventDate "2024.03.25"]
[EventType "swiss"]
[EventCountry "NOR"]
[SourceTitle "playchess.com"]
[Source "ChessBase"]
[SourceQuality "1"]
[TimeControl "40/6000+30:2400+30"]

1. Nf3 Nf6 2. g3 d5 3. Bg2 e6 4. O-O c5 5. c4 d4 6. e3 Nc6 7. exd4 cxd4 8. d3 Bd6 9. Bg5 h6 10. Bxf6 Qxf6 11. Nbd2 Qd8 12. a3 a5 13. Ne4 Be7 14. b4 axb4 15. axb4 Rxa1 16. Qxa1 Bxb4 17. Rb1 f5 18. Ned2 O-O 19. Qa4 Bc3 20. Nb3 e5 21. Nh4 Qd6 22. Qb5 g5 23. Bd5+ Kg7 24. Nf3 Re8 25. Nc5 Re7 26. Qb6 Rc7 27. Rb5 Qe7 28. Na4 g4 29. Nh4 Bd2 30. Nc5 Bg5 31. Be6 Bxh4 32. Bxc8 Rxc8 33. gxh4 Rc7 34. Qxc7 1-0

[Event "Fagernes Chess GM-Swiss 2024"]
[Site "Fagernes"]
[Date "2024.03.27"]
[Round "4.32"]
[White "Aamodt, Peder Marcus"]
[Black "Daakshin Arun"]
[Result "1/2-1/2"]
[ECO "B96"]
[WhiteElo "1941"]
[BlackElo "2283"]
[Annotator "RC"]
[PlyCount "102"]
[EventDate "2024.03.25"]
[EventType "swiss"]
[EventCountry "NOR"]
[SourceTitle "playchess.com"]
[Source "ChessBase"]
[SourceQuality "1"]
[TimeControl "40/6000+30:2400+30"]

1. e4 c5 2. Nf3 d6 3. d4 cxd4 4. Nxd4 Nf6 5. Nc3 a6 6. Bg5 e6 7. f4 h6 8. Bh4 Nbd7 9. Qe2 e5 10. fxe5 Nxe5 11. Bxf6 Qxf6 12. Nd5 Qd8 13. O-O-O g6 14. Qf2 Bg7 15. Be2 O-O 16. Rhf1 Be6 17. Kb1 Rc8 18. Qg3 Bxd5 19. exd5 Re8 20. h4 h5 21. Qf4 Qd7 22. g4 Nxg4 23. Bxg4 hxg4 24. h5 Rc4 25. hxg6 fxg6 26. Rh1 Rxd4 27. Rxd4 Bxd4 28. Qxd4 Re5 29. a3 Qf5 30. Qb6 Qd7 31. Qd4 g3 32. Rg1 Qh3 33. Qd3 Kg7 34. b3 g5 35. Rxg3 Qh1+ 36. Kb2 Qxd5 37. Qc3 Kg6 38. Qc8 Re7 39. Rd3 Qe6 40. Qd8 Rd7 41. Qc8 d5 42. Ka2 Qf7 43. Qc3 Rc7 44. Qd2 Qf4 45. Qe2 Qe4 46. Qh2 Rc6 47. Kb1 Rf6 48. Qh8 Rf1+ 49. Ka2 Rf7 50. Qg8+ Rg7 51. Qd8 Qf5 1/2-1/2

[Event "Fagernes Chess GM-Swiss 2024"]
[Site "Fagernes"]
[Date "2024.03.27"]
[Round "4.33"]
[White "Brynell, Stellan"]
[Black "Evenshaug, Amadeus Hestvik"]
[Result "1-0"]
[ECO "D38"]
[WhiteElo "2406"]
[BlackElo "2035"]
[Annotator "TA"]
[PlyCount "103"]
[EventDate "2024.03.25"]
[EventType "swiss"]
[EventCountry "NOR"]
[SourceTitle "playchess.com"]
[Source "ChessBase"]
[SourceQuality "1"]
[TimeControl "40/6000+30:2400+30"]

1. d4 Nf6 2. Nf3 d5 3. c4 e6 4. Nc3 Bb4 5. Bg5 O-O 6. e3 Nbd7 7. cxd5 exd5 8. Bd3 Re8 9. O-O {[%emt 0:02:34] And now Nxd5 would win.} c6 10. Qc2 {[%emt 0:03:09][%cal Od3h7] Hoping for Bxh7+!} Nf8 {[%emt 0:02:12] White is slightly better.} 11. Ne5 h6 12. Bh4 g5 13. Bg3 {[%emt 0:00:20] White is more active.} Nh5 14. Ne2 Bd6 15. Nf3 (15. f4 $16) 15... Nxg3 $11 16. Nxg3 Bxg3 (16... Bg4 $11) 17. hxg3 (17. fxg3 $16 Qe7 18. Rf2) 17... Qd6 $14 18. Rab1 a5 19. Rfd1 Bg4 20. Re1 Bh5 21. Ne5 Kg7 22. a3 f6 23. Nf3 Bg6 24. b4 axb4 25. axb4 Bxd3 26. Qxd3 b5 27. Rec1 Nd7 28. Qc3 Rec8 29. Ra1 Rxa1 30. Rxa1 Nb6 31. Ne1 (31. Qc5 {keeps more tension.} Nc4 32. Ra7+ Kg6 33. g4) 31... Ra8 32. Rxa8 Nxa8 {[%emt 0:00:04][%mdl 4096] Endgame. KQN-KQN} 33. Qa3 Qb8 34. Qa6 Nb6 35. Nd3 Qc7 36. Nc5 {[%emt 0:01:31] Ne6+ would kill now.} Kg6 37. g4 h5 38. gxh5+ Kxh5 39. Qa1 Kh6 40. Qd1 Nd7 41. Nd3 Qd6 42. Qg4 Qe7 43. Kf1 Qd6 (43... Kg6 $11 {keeps the balance.}) 44. Qf5 ({Better is} 44. Ke2 $16) 44... Qe7 (44... Kg7 $14) 45. Ke2 $16 Qd6 46. Qg4 (46. f4 $16) 46... Qe7 $1 $14 47. Qg3 Nf8 48. Nc5 Kg7 49. Qg4 {[%emt 0:00:00] Inhibits Ne6.} Qc7 $2 {[%emt 0:01:52][%mdl 8192] [#] Inhibits Qc8.} ({Black should play} 49... Kf7 $14) 50. Qe6 $3 $18 Kg6 (50... Qh2 51. Qe7+) 51. Qe8+ Kg7 {[%emt 0:00:04] [#]} (51... Qf7 $142 52. Qxc6 g4 53. Qxb5 Kh7) 52. Qxf8+ $3 {[%emt 0:00:00][%mdl 512] Weighted Error Value: White=0.12 (very precise) /Black=0.24 (precise) .  Loses game:     	---       	Black=1      Mistake:       	White=4     	Black=4      Inaccurate:     	White=1     	Black=3      OK:         	White=16    	Black=17     Best:        	White=1     	Black=2      Strong:       	---       	Black=1      Brilliant:      	White=2     	---} 1-0

[Event "Fagernes Chess GM-Swiss 2024"]
[Site "Fagernes"]
[Date "2024.03.27"]
[Round "4.34"]
[White "Sian, Shadi"]
[Black "Lindh, Fredrik"]
[Result "1/2-1/2"]
[ECO "D13"]
[WhiteElo "2076"]
[BlackElo "2256"]
[Annotator "RC"]
[PlyCount "55"]
[EventDate "2024.03.25"]
[EventType "swiss"]
[EventCountry "NOR"]
[SourceTitle "playchess.com"]
[Source "ChessBase"]
[SourceQuality "1"]
[TimeControl "40/6000+30:2400+30"]

1. d4 d5 2. c4 c6 3. cxd5 cxd5 4. Nc3 Nf6 5. Nf3 Nc6 6. Bf4 Ne4 7. Nd2 Nxc3 8. bxc3 Bf5 9. f3 e5 10. Bxe5 Nxe5 11. dxe5 Bc5 12. e4 Qb6 13. Qe2 dxe4 14. Qb5+ Ke7 15. Nxe4 Bxe4 16. Qxb6 Bxb6 17. fxe4 Rac8 18. c4 Rhd8 19. Rb1 Rd4 20. Rb5 Rxe4+ 21. Kd2 Rd8+ 22. Kc2 Re1 23. c5 Rdd1 24. cxb6 Rc1+ 25. Kd2 a6 26. Rc5 Red1+ 27. Ke2 Re1+ 28. Kd2 1/2-1/2

[Event "Fagernes Chess GM-Swiss 2024"]
[Site "Fagernes"]
[Date "2024.03.27"]
[Round "4.35"]
[White "Brattgjerd, Isak Vinh"]
[Black "Holand, Per Fredrik"]
[Result "0-1"]
[ECO "B30"]
[WhiteElo "2228"]
[BlackElo "2068"]
[Annotator "RC"]
[PlyCount "112"]
[EventDate "2024.03.25"]
[EventType "swiss"]
[EventCountry "NOR"]
[SourceTitle "playchess.com"]
[Source "ChessBase"]
[SourceQuality "1"]
[TimeControl "40/6000+30:2400+30"]

1. e4 c5 2. Nf3 Nc6 3. Nc3 e5 4. Bc4 Be7 5. d3 d6 6. a3 Nf6 7. O-O O-O 8. h3 Rb8 9. Nh2 Nd4 10. Ba2 b5 11. Bg5 Ne6 12. Bxf6 Bxf6 13. Ng4 Bg5 14. Nd5 g6 15. Nh2 Kh8 16. c3 f5 17. exf5 gxf5 18. Qc2 Rb7 19. Kh1 Rg7 20. Rg1 Qe8 21. b4 Bb7 22. bxc5 dxc5 23. Rae1 Nf4 24. c4 bxc4 25. dxc4 e4 26. Rb1 Nd3 27. Rgd1 Bh4 28. g3 Bf6 29. Rxd3 exd3 30. Qxd3 Bd4 31. Rf1 Qh5 32. h4 f4 33. Qe4 fxg3 34. fxg3 Rgf7 35. Rxf7 Rxf7 36. Bb1 Qd1+ 37. Kg2 Qg1+ 38. Kh3 Qf2 39. Qg4 Rg7 40. Qf4 Bc8+ 41. g4 Qxf4 42. Nxf4 Be5 43. Nh5 Rb7 44. Be4 Rb3+ 45. Nf3 Rxa3 46. Ng3 Bc7 47. h5 Be6 48. Nf5 Bf4 49. Kh4 h6 50. Ne7 Kg7 51. Nd5 Bxd5 52. Bxd5 a5 53. g5 hxg5+ 54. Kg4 a4 55. Be4 Rc3 56. Kf5 Rxf3 0-1

[Event "Fagernes Chess GM-Swiss 2024"]
[Site "Fagernes"]
[Date "2024.03.27"]
[Round "4.36"]
[White "Skotheim, Andreas"]
[Black "Kaewpitakkun, Pantham"]
[Result "1-0"]
[ECO "B52"]
[WhiteElo "2214"]
[BlackElo "1989"]
[Annotator "RC"]
[PlyCount "79"]
[EventDate "2024.03.25"]
[EventType "swiss"]
[EventCountry "NOR"]
[SourceTitle "playchess.com"]
[Source "ChessBase"]
[SourceQuality "1"]
[TimeControl "40/6000+30:2400+30"]

1. e4 c5 2. Nf3 d6 3. Bb5+ Bd7 4. c4 Nf6 5. Nc3 g6 6. Bxd7+ Qxd7 7. d4 cxd4 8. Qxd4 Nc6 9. Qd3 Bg7 10. O-O O-O 11. Bd2 Rfc8 12. b3 Rab8 13. Rac1 a6 14. Nd5 Nxd5 15. exd5 Ne5 16. Nxe5 Bxe5 17. a4 b5 18. cxb5 axb5 19. a5 b4 20. Rxc8+ Qxc8 21. Rc1 Qd8 22. a6 Qa5 23. Be3 Bc3 24. a7 Ra8 25. g3 Rxa7 26. Bxa7 Qxa7 27. Rc2 h5 28. Qc4 h4 29. gxh4 Qd7 30. Re2 Be5 31. Kg2 Qb7 32. Ra2 e6 33. Qc6 Qe7 34. Ra8+ Kh7 35. Qe8 Qxh4 36. Qxf7+ Kh6 37. Qf8+ Kg5 38. Qe7+ Bf6 39. Qxe6 Kh6 40. Qh3 1-0

[Event "Fagernes Chess GM-Swiss 2024"]
[Site "Fagernes"]
[Date "2024.03.27"]
[Round "4.37"]
[White "Makka, Ioulia"]
[Black "Aniruddh Chatterjee"]
[Result "0-1"]
[ECO "B90"]
[WhiteElo "1983"]
[BlackElo "2182"]
[Annotator "RC"]
[PlyCount "106"]
[EventDate "2024.03.25"]
[EventType "swiss"]
[EventCountry "NOR"]
[SourceTitle "playchess.com"]
[Source "ChessBase"]
[SourceQuality "1"]
[TimeControl "40/6000+30:2400+30"]

1. e4 c5 2. Nf3 d6 3. d4 cxd4 4. Nxd4 Nf6 5. Nc3 a6 6. h3 e6 7. Be3 b5 8. a3 Bb7 9. f3 Nbd7 10. Qd2 Rc8 11. g4 Nb6 12. b3 d5 13. e5 Nfd7 14. f4 b4 15. Nb1 bxa3 16. Nxa3 Nc5 17. Bg2 Ne4 18. Bxe4 dxe4 19. c4 Qh4+ 20. Qf2 Bb4+ 21. Kf1 Qe7 22. Nac2 Bc5 23. Kg2 O-O 24. Kh2 f6 25. exf6 Rxf6 26. g5 Rff8 27. Qg3 Bd6 28. Ne2 Nd5 29. Rhf1 Rf5 30. Kg1 e5 31. Qg4 g6 32. h4 Nxe3 33. Nxe3 Bc5 34. Qh3 Rcf8 35. Kh1 Bxe3 36. Qxe3 Qf7 37. Ng3 exf4 38. Nxf5 Qxf5 39. Qb6 Qh3+ 40. Kg1 Qg3+ 41. Kh1 Qxh4+ 42. Kg1 Qxg5+ 43. Kf2 e3+ 44. Ke1 Rd8 45. Qe6+ Kg7 46. Qh3 f3 47. Rh1 f2+ 48. Kf1 Bxh1 49. Qxh1 e2+ 50. Kxe2 Qe5+ 51. Kxf2 Rf8+ 52. Kg2 Qe2+ 53. Kg3 Qe3+ 0-1